Map: Nightshade LE

Players

Super

  • Race: Protoss Protoss
  • Spawn Location: 11:00

Astrea - Winner!

  • Race: Protoss Protoss
  • Spawn Location: 5:00

Event: IEM Katowice 2020

VOD

Have the link to the VOD?

Description

Time

  • Played on: Feb. 24, 2020, 4:19 a.m.
  • Length: 7:10

All games in this series

Show
View Real Time Build Order
Export as new Build Order

Super Protoss 

Build Orders:  

Get SALT Encoding   

  12  0:00  Probe  
  13  0:12  Probe  
  14  0:17  Pylon  
  14  0:25  Probe  
  15  0:35  Gateway  
  15  0:37  Probe (Chrono Boost)  
  16  0:46  Probe (Chrono Boost), Assimilator  
  17  0:51  Probe (Chrono Boost)  
  17  0:55  Assimilator  
  18  1:03  Probe (Chrono Boost)  
  19  1:07  Gateway  
  19  1:13  Probe (Chrono Boost)  
  19  1:18  Probe (Chrono Boost)  
  20  1:24  Cybernetics Core  
  21  1:30  Probe  
  22  1:35  Pylon  
  22  1:42  Probe  
  23  1:50  Pylon  
  23  1:58  Warp Gate (Chrono Boost)  
  23  2:08  Probe, Sentry, Stalker  
  28  2:27  Nexus  
  28  2:34  Sentry  
  30  2:38  Sentry  
  30  2:40  Pylon  
  31  2:51  Robotics Facility  
  31  2:58  Probe  
  32  2:59  Shield Battery  
  32  3:03  Shield Battery  
  32  3:30  Shield Battery  
  32  3:38  Stalker x2  
  32  3:40  Immortal (Chrono Boost)  
  40  4:02  Stalker x2  
  44  4:13  Immortal (Chrono Boost)  
  48  4:25  Pylon  
  48  4:40  Pylon  
  48  4:48  Probe x2  
  46  5:00  Probe (Chrono Boost)  
  46  5:02  Phoenix  
  46  5:05  Probe (Chrono Boost)  
  48  5:09  Sentry x2  
  48  5:10  Probe (Chrono Boost)  
  54  5:14  Probe (Chrono Boost)  
  54  5:17  Probe (Chrono Boost)  
  55  5:24  Probe (Chrono Boost)  
  57  5:30  Probe x2 (Chrono Boost)  
  57  5:33  Warp Prism  
  60  5:38  Probe x2  
  62  5:43  Pylon  
  62  5:49  Stalker  
  63  5:50  Probe  
  59  6:01  Stalker  
  59  6:03  Probe x2  
  52  6:15  Probe x2 (Chrono Boost)  
  55  6:27  Probe x2 (Chrono Boost)  
  55  6:30  Forge  
  55  6:32  Probe x2 (Chrono Boost)  
  57  6:41  Probe x2  
  57  6:44  Pylon  
  59  6:49  Twilight Council  
  59  6:53  Probe x2  
Show
View Real Time Build Order
Export as new Build Order

Astrea Protoss - Winner!

Build Orders:  

Get SALT Encoding   

  12  0:00  Probe  
  13  0:12  Probe  
  14  0:16  Pylon  
  14  0:25  Probe (Chrono Boost)  
  15  0:37  Probe (Chrono Boost), Gateway  
  16  0:44  Probe (Chrono Boost)  
  16  0:46  Assimilator  
  17  0:51  Probe  
  17  0:54  Assimilator  
  18  1:03  Probe (Chrono Boost)  
  19  1:07  Gateway  
  19  1:12  Probe (Chrono Boost)  
  19  1:17  Probe (Chrono Boost)  
  21  1:26  Cybernetics Core  
  21  1:32  Probe  
  22  1:33  Pylon  
  22  1:44  Probe  
  23  1:56  Probe  
  23  1:59  Warp Gate (Chrono Boost)  
  24  2:01  Stalker  
  24  2:02  Stalker  
  24  2:06  Pylon  
  28  2:09  Probe  
  29  2:22  Probe  
  30  2:31  Stalker x2  
  34  2:41  Robotics Facility  
  33  2:54  Probe  
  34  3:01  Stalker x2  
  38  3:10  Pylon  
  38  3:26  Warp Prism (Chrono Boost)  
  40  3:41  Stalker x2  
  44  3:47  Pylon  
  44  3:55  Observer  
  45  4:02  Probe  
  46  4:03  Nexus  
  46  4:14  Probe  
  47  4:20  Adept x2  
  51  4:26  Probe  
  52  4:38  Probe  
  52  4:40  Sentry  
  52  4:45  Pylon  
  55  4:56  Probe  
  52  5:00  Immortal (Chrono Boost)  
  52  5:04  Sentry  
  52  5:05  Sentry  
  60  5:08  Probe  
  61  5:17  Probe  
  61  5:20  Probe  
  63  5:30  Probe  
  63  5:31  Adept x2, Shield Battery  
  63  5:33  Probe  
  69  5:36  Immortal (Chrono Boost)  
  73  5:45  Pylon  
  73  5:46  Probe x2  
  75  5:56  Adept  
  75  5:57  Adept  
  77  6:01  Probe  
  76  6:08  Probe  
  75  6:11  Immortal (Chrono Boost)  
  75  6:15  Probe  
  78  6:20  Probe  
  79  6:25  Pylon  
  79  6:26  Sentry x2  
  79  6:27  Pylon  
  79  6:30  Assimilator  
  83  6:32  Assimilator  
  83  6:33  Probe  
  83  6:34  Probe  
  85  6:45  Pylon  
  89  6:49  Probe  
  89  6:50  Probe  
  89  6:52  Pylon  
  91  7:05  Zealot x2  

Tags
 
Add a new tag
Caveats
  • Supply blocks, unpowered buildings, or Contaminate may cause inaccurate times.
  • Supply counts are checked every 10 seconds.